 Dungeon Crawl Stone Soup version 0.20.1-1-g8b1a95d (webtiles) character file.

259927 lorenzova the Imperceptible (level 19, -1/81 HPs)
             Began as a Spriggan Enchanter on Oct 2, 2017.
             Was the Champion of Dithmenos.
             Killed from afar by a hell knight (14 damage)
             ... with a bolt of fire
             ... on level 2 of the Depths on Oct 3, 2017.
             The game lasted 04:05:36 (62822 turns).

lorenzova the Imperceptible (Spriggan Enchanter)   Turns: 62822, Time: 04:05:37

Health: -1/81      AC:  6    Str:  5    XL:     19   Next: 54%
Magic:  0/39       EV: 44    Int: 18    God:    Dithmenos [******]
Gold:   1974       SH:  0    Dex: 27    Spells: 20/48 levels left

rFire    + . .     SeeInvis +   o - +5 quick blade (pierce)
rCold    + . .     Gourm    .   (shield restricted)
rNeg     + . .     Faith    .   I - +2 robe {rF+}
rPois    .         Spirit   +   (helmet restricted)
rElec    +         Reflect  .   t - +1 cloak of Starlight {rElec rC+ EV+4 Stlth--}
rCorr    .         Harm     .   (gloves unavailable)
MR       +++..                  (boots unavailable)
Stlth    ++++++++++             q - amulet of guardian spirit
Regen    0.3/turn               J - ring of positive energy
MPRegen  0.3/turn               O - +5 ring of dexterity

@: wreathed by umbra, very quick
A: unfitting armour, see invisible, herbivore 3, speed 3, slow metabolism 2
}: 1/15 runes: gossamer
a: Shadow Step, Shadow Form, Renounce Religion


You were on level 2 of the Depths.
You worshipped Dithmenos.
Dithmenos was exalted by your worship.
You were not hungry.

You visited 9 branches of the dungeon, and saw 37 of its levels.
You also visited: Labyrinth, Volcano and Wizlab.

You collected 3633 gold pieces.
You spent 1659 gold pieces at shops.

Inventory:

Hand Weapons
 a - a +2 dagger of freezing
 o - a +5 quick blade of piercing (weapon)
 s - a +2 dagger of venom
 L - a +1 demon blade of freezing
 V - a +0 demon blade
Armour
 p - the +1 robe of the Moon Troll {rElec rPois Int-3}
   (You found it on level 2 of the Elven Halls)

   It affects your intelligence (-3).
   It insulates you from electricity.
   It protects you from poison.
 t - the +1 cloak of Starlight (worn) {rElec rC+ EV+4 Stlth--}
   (You bought it in a shop on level 2 of the Orcish Mines)

   It affects your evasion (+4).
   It protects you from cold.
   It insulates you from electricity.
   It makes you much less stealthy.
 E - a +2 troll leather armour {Snorg}
 I - a +2 robe of fire resistance (worn)
 T - a +2 robe of positive energy
Jewellery
 q - an amulet of guardian spirit (around neck)
 F - a +4 ring of slaying
 J - a ring of positive energy (left hand)
 O - a +5 ring of dexterity (right hand)
 Q - an uncursed ring of fire
 R - an uncursed ring of magical power
 U - an uncursed ring of protection from cold
Wands
 c - a wand of lightning (11/15)
 w - a wand of confusion (27/48)
 H - a wand of disintegration (9/24)
 W - a wand of digging (14/24)
 Z - a wand of acid (7/15)
Scrolls
 e - 7 scrolls of magic mapping
 f - 5 scrolls of identify
 i - 12 scrolls of teleportation
 j - 6 scrolls of fog
 l - 12 scrolls of remove curse
 n - 3 scrolls of recharging
 u - a scroll of vulnerability
 x - 3 scrolls of fear
 y - 4 scrolls of torment
 B - 11 scrolls of amnesia
 G - 4 scrolls of enchant weapon
 K - 3 scrolls of blinking
 M - 3 scrolls of enchant armour
 X - 2 scrolls of summoning
Potions
 b - 6 potions of might
 g - 9 potions of curing
 h - 9 potions of haste
 k - 4 potions of heal wounds
 m - 3 potions of lignification
 r - a potion of magic
 v - 4 potions of flight
 z - 2 potions of invisibility
 A - 5 potions of agility
 C - 2 potions of berserk rage
 D - 6 potions of brilliance
 N - a potion of ambrosia
 P - 5 potions of resistance
 S - a potion of cancellation
Books
 Y - a book of Alchemy

   Spells                             Type                      Level
   a - Sublimation of Blood           Necromancy                   2
   b - Ignite Poison                  Fire/Transmutation/Poison    3
   c - Petrify                        Transmutation/Earth          4
   d - Alistair's Intoxication        Transmutation/Poison         5
   e - Irradiate                      Conjuration/Transmutation    5
Comestibles
 d - 16 bread rations


   Skills:
 - Level 2.3 Fighting
 + Level 15.7 Short Blades
 + Level 20.2 Dodging
 + Level 23.4 Stealth
 - Level 15.1 Spellcasting
 - Level 15.4 Hexes
 - Level 5.9 Necromancy
 - Level 12.2 Transmutations
 - Level 6.3 Ice Magic
 - Level 6.4 Invocations
 - Level 8.4 Evocations


You had 20 spell levels left.
You knew the following spells:

 Your Spells              Type           Power        Failure   Level  Hunger
a - Animate Dead          Necr           N/A          4%          4    None
b - Ensorcelled Hibernat  Hex/Ice        ######       1%          2    None
c - Confuse               Hex            ######..     1%          3    None
d - Regeneration          Chrm/Necr      ###.......   4%          3    None
e - Blink                 Tloc           N/A          7%          2    None
f - Yara's Violent Unrav  Hex/Tmut       ######....   1%          5    ####...
g - Cause Fear            Hex            ######....   1%          4    None
m - Metabolic Englaciati  Hex/Ice        ######....   1%          5    ####...


Dungeon Overview and Level Annotations

Branches:
Dungeon (15/15)            Temple (1/1) D:5            Lair (6/6) D:8
 Shoals (4/4) Lair:2       Spider (4/4) Lair:2        Slime (0/5) Lair:5
    Orc (2/2) D:10            Elf (2/3) Orc:2        Vaults (1/5) D:13
 Depths (2/5) D:15

Altars:
Ashenzari
Cheibriados
Dithmenos
Elyvilon
Fedhas
Gozag
Hepliaklqana
Kikubaaqudgha
Makhleb
Nemelex Xobeh
Okawaru
Qazlal
Ru
Sif Muna
Trog
Uskayaw
Vehumet
Xom
Yredelemnul
Zin
The Shining One
Beogh
Jiyva
Lugonu

Shops:
D:13 ?   Orc:2 !(?%**!:   Elf:2 (   Shoals:2 *   Depths:1 ((:(

Portals:
Hell: Depths:1 Depths:2
Trove: D:13 (give +7 demon blade)

Annotations:
D:4 Frank's ghost, amateur OpFi
Shoals:3 Mara
Shoals:4 Ilsuiw
Depths:1 exclusion: downstairs
Depths:2 Sojobo


Innate Abilities, Weirdness & Mutations

You are very small and have problems with some larger weapons.
You are too small for most types of armour.
You have supernaturally acute eyesight. (SInv)
You are a herbivore.
You cover ground extremely quickly.
You need consume almost no food.


Message History

The slime creature completely misses you.
You hit the slime creature.
The slime creature is moderately wounded.
Two slime creatures merge to form a large slime creature.
You hit the large slime creature.
The large slime creature is moderately wounded.
The slime creature completely misses you.
Casting: Confuse
Confirm with . or Enter, or press ? or * to list all spells.
Aiming: Confuse
Press: ? - help, Shift-Dir - straight line, f - large slime creature
Aim: a large slime creature (black smoke, moderately wounded, umbra, chance to defeat MR: 62%)
The large slime creature resists with significant effort.
The slime creature hits you.
* * * LOW HITPOINT WARNING * * *
The large slime creature completely misses you.
Unknown command.
The hell knight points at you and mumbles some strange words.
The bolt of fire hits you! You resist.
You die...

+,,,+,,,.......*,,,,,**#.#*******
*,***,,,.......*###****..## *,,,
*,* *,,,.......##'#####'..###*,,*
*,* **,**#...........§.#..#.#.*,,
*,* *,,**.........§§§§..#.#...#.
+,* ***.##**#......§§§§#..#.#...#
*,***≈*.#≈**#.p....§)§§..#.#.#...
****≈≈*.#≈≈*#....J§J§§§##.#.#...#
* *≈≈≈*.#≈≈≈####@##§####.#...#...
***≈≈≈*,#≈≈≈###..§§§§#*##.#.#.#.#
*,*≈≈≈#.#≈≈≈#.#.###§§§.#.#...#.#.
***≈≈≈#.#≈≈≈#...# *..###..#.#.#.#
###≈≈≈#.#≈≈≈#...# *..# #∩..#.....
..#*≈≈#.#≈≈####.# *..# #######.#.
..#*#≈..#≈** #.###..# #.....
..###.#.##### #......# #.....
....(...#.#.# #.###'###* #.<...


You could see a hell knight, a large slime creature and a slime creature.

Vanquished Creatures
  Nikola (Spider:4)
  Arachne (Spider:4)
  A Hellbinder (WizLab)
  Jorgrun (Shoals:2)
  Rupert (D:13)
  Asterion (Spider:1)
  Kirke (Lair:5)
  Donald (Spider:4)
  2 vault wardens (Vaults:1)
  A balrug (WizLab)
  6 emperor scorpions
  5 ghost moths (Spider:4)
  Aizul (Spider:1)
  2 ironheart preservers (Vaults:1)
  A reaper (WizLab)
  5 entropy weavers
  2 very ugly things (Depths:2)
  2 stone giants
  2 deep elf demonologists (WizLab)
  Nessos (D:15)
  4 spark wasps
  Snorg (D:12)
  An ettin (Depths:1)
  3 fire dragons
  A green death (WizLab)
  3 merfolk impalers
  A minotaur (Lab)
  2 ice dragons (D:15)
  A hell beast (WizLab)
  9 hydras
  A merfolk aquamancer (Shoals:1)
  4 centaur warriors
  The ghost of Enyss the Geomancer, a journeyman GrEE of Vehumet (Lair:3)
  5 dancing weapons (Elf:1)
  3 death knights
  15 two-headed ogres
  2 satyrs (Shoals:3)
  An alligator (Lair:5)
  2 vampire magi
  3 deep troll shamans
  2 ogre magi
  4 deep troll earth magi
  2 tengu warriors
  7 orc high priests
  3 death yaks (Lair:6)
  6 hell knights
  A shock serpent (shapeshifter) (Depths:2)
  4 deep elf knights
  3 sun demons (WizLab)
  Nergalle (D:12)
  2 iron trolls
  9 skeletal warriors
  A fire crab (Lair:6)
  A deep troll (shapeshifter) (Vaults:1)
  9 sea snakes
  3 unseen horrors
  7 deep trolls
  3 wizards
  A flayed ghost (Vaults:1)
  7 harpies
  A deep elf archer (Elf:1)
  9 orc knights
  A wolf spider zombie (D:14)
  A phantasmal warrior (D:15)
  2 ironbrand convokers (Vaults:1)
  19 orb spiders
  An orb spider (shapeshifter) (D:15)
  2 necromancers
  A sphinx zombie (Depths:2)
  8 fauns
  15 ugly things
  26 wolf spiders
  17 deep elf magi
  An orc sorcerer (Orc:2)
  An oklob plant (Lair:5)
  A cyclops (shapeshifter) (Vaults:1)
  6 manticores
  17 elephants
  2 merfolk sirens
  12 cyclopes
  A moth of wrath (Spider:4)
  A frost giant skeleton (Depths:1)
  4 torpor snails
  A water nymph (Shoals:2)
  2 orange demons (WizLab)
  3 black mambas
  2 rust devils (WizLab)
  10 spiny frogs
  2 gargoyles (D:11)
  4 molten gargoyles
  Psyche (D:8)
  13 rime drakes
  10 yaktaurs
  A spriggan skeleton (Depths:2)
  A yaktaur zombie (Depths:1)
  2 tormentors (WizLab)
  An efreet (D:15)
  5 freezing wraiths
  10 komodo dragons
  13 demonic crawlers
  A kobold demonologist (D:14)
  2 ice devils (WizLab)
  A tengu conjurer (Depths:2)
  A meliai (Spider:3)
  5 wind drakes
  A polar bear (Lair:5)
  16 merfolk
  11 hornets
  4 blink frogs (Lair:3)
  14 slime creatures
  31 jumping spiders
  12 trolls
  A shadow dragon simulacrum (Depths:2)
  Prince Ribbit (D:9)
  8 hippogriffs
  15 dream sheep
  6 snapping turtles
  35 tarantellas
  89 redbacks
  A fire dragon skeleton (Depths:1)
  2 spriggans
  2 air elementals (Elf:1)
  5 water elementals
  7 wyverns
  A vampire (D:15)
  A ynoxinul (WizLab)
  10 humans (D:13)
  38 yaks
  4 basilisks
  2 fire bats (Depths:2)
  4 wraiths
  3 hogs (Lair:5)
  4 vampire mosquitoes (D:14)
  2 hungry ghosts
  2 fire elementals (Elf:2)
  9 steam dragons
  5 swamp worms
  3 acid dragons
  3 wargs
  8 water moccasins
  3 hell hounds (Lair:6)
  12 porcupines
  A hornet zombie (D:6)
  46 orc warriors
  A swamp drake (Lair:5)
  6 sky beasts
  6 ice beasts
  A black bear (D:11)
  A black bear (shapeshifter) (D:15)
  6 boggarts
  2 phantoms
  9 wolves (Lair:5)
  18 ogres
  11 centaurs
  15 crocodiles
  8 big kobolds
  A bullfrog (shapeshifter) (Depths:2)
  19 bullfrogs
  A gnoll sergeant (D:10)
  3 earth elementals
  A glowing shapeshifter simulacrum (Depths:2)
  A wyvern skeleton (D:12)
  A water moccasin skeleton (D:6)
  7 scorpions
  24 killer bees
  A howler monkey (D:6)
  A bullfrog zombie (D:12)
  9 lava snakes
  8 crimson imps
  4 centaur zombies
  A quasit (D:5)
  2 jellies (D:8)
  7 hounds
  5 centaur skeletons
  46 orc priests
  36 orc wizards
  4 bullfrog skeletons
  5 iguanas
  12 worker ants
  A killer bee zombie (D:7)
  2 hound skeletons
  A hound zombie (D:9)
  2 howler monkey zombies
  9 adders
  3 gnolls (D:10)
  2 howler monkey skeletons
  4 shadow imps
  2 oozes (D:3)
  2 adder skeletons (D:4)
  19 worms
  4 dart slugs (D:1)
  9 leopard geckos
  138 orcs
  8 giant cockroaches
  12 goblins
  5 hobgoblins
  3 jackals (D:5)
  12 kobolds
  3 quokkas
  A ball python (D:3)
  9 bats
  6 frilled lizards
  A leopard gecko skeleton (D:5)
  A quokka zombie (D:5)
  7 rats
  A fungus (Lair:3)
  A plant (Lair:5)
1390 creatures vanquished.

Vanquished Creatures (collateral kills)
  An ogre mage (Depths:2)
  A hydra (Lair:5)
  A two-headed ogre (Depths:2)
  A soul eater (Depths:2)
  A deep troll (Depths:1)
  A glowing orange brain (Depths:1)
  A swamp dragon (Lair:5)
  6 harpies
  3 orb spiders
  2 wolf spiders
  A deep elf mage (D:13)
  A faun (Shoals:1)
  3 cyclopes
  2 merfolk sirens
  2 manticores
  A centaur zombie (D:13)
  A yaktaur (Depths:2)
  4 rime drakes (Lair:2)
  4 demonic crawlers
  8 jumping spiders
  A hornet (Spider:4)
  3 slime creatures
  5 merfolk
  6 dream sheep
  A hippogriff (Shoals:3)
  37 redbacks
  A spriggan (Lair:5)
  4 tarantellas (Spider:4)
  A yak (Lair:6)
  A fire bat (Depths:2)
  2 wyverns
  6 humans (D:13)
  2 steam dragons (Lair:2)
  A water moccasin (Lair:6)
  An orc warrior (Orc:1)
  A black bear (Lair:5)
  A crocodile (Lair:5)
  A bullfrog (Lair:5)
  An orc wizard (Orc:1)
  9 orcs
  A fire vortex (Depths:2)
  A fungus (Lair:6)
  2 plants (Shoals:3)
134 creatures vanquished.

Vanquished Creatures (others)
  A tarantella (shapeshifter) (Vaults:1)
  A boggart (Depths:2)
  An orc (Orc:1)
  A bush (Lair:2)
  2 fire vortices (Depths:2)
  18 fungi
  18 plants
42 creatures vanquished.

Grand Total: 1566 creatures vanquished

Notes
Turn   | Place    | Note
-------+----------+-------------------------------------------
     0 | D:1      | lorenzova the Spriggan Enchanter began the quest for the Orb.
     0 | D:1      | Reached XP level 1. HP: 9/9 MP: 5/5
   448 | D:1      | Reached XP level 2. HP: 13/13 MP: 6/6
   452 | D:1      | Learned a level 2 spell: Ensorcelled Hibernation
   678 | D:1      | Reached skill level 5 in Stealth
   799 | D:1      | Reached XP level 3. HP: 16/16 MP: 5/8
  1476 | D:2      | Learned a level 3 spell: Confuse
  1905 | D:2      | Reached XP level 4. HP: 21/21 MP: 5/10
  2105 | D:3      | Found a faded altar of an unknown god.
  2722 | D:3      | Found a sparkling altar of Nemelex Xobeh.
  2786 | D:3      | Found a snail-covered altar of Cheibriados.
  2835 | D:4      | Found a bloodstained altar of Trog.
  2966 | D:4      | Reached skill level 5 in Hexes
  3079 | D:4      | Noticed Frank's ghost (amateur OpFi)
  3683 | D:4      | Reached XP level 5. HP: 24/24 MP: 6/12
  3695 | D:4      | Found a burning altar of Makhleb.
  4102 | D:4      | Found an opulent altar of Gozag.
  4103 | D:4      | Found a glowing silver altar of Zin.
  4153 | D:5      | Entered Level 5 of the Dungeon
  4186 | D:5      | Reached skill level 6 in Stealth
  4196 | D:5      | Noticed an ogre
  4445 | D:5      | Reached skill level 5 in Spellcasting
  4455 | D:5      | Reached XP level 6. HP: 11/28 MP: 5/14
  4464 | D:5      | Found an ancient bone altar of Kikubaaqudgha.
  4777 | D:6      | HP: 1/28 [quokka (5)]
  5517 | D:5      | Reached XP level 7. HP: 29/32 MP: 8/17
  5882 | D:5      | Reached skill level 7 in Stealth
  6121 | D:5      | Found a blossoming altar of Fedhas.
  6428 | D:5      | Found a staircase to the Ecumenical Temple.
  6434 | Temple   | Entered the Ecumenical Temple
  7329 | D:6      | Reached XP level 8. HP: 33/36 MP: 14/19
  7413 | D:6      | Reached skill level 8 in Stealth
  8178 | D:6      | Reached skill level 9 in Stealth
  8205 | D:7      | Found a glowing golden altar of the Shining One.
  8308 | D:7      | Noticed a two-headed ogre
  8470 | D:7      | HP: 1/36 [two-headed ogre/giant spiked club (6)]
  8471 | D:7      | Killed a two-headed ogre
  8471 | D:7      | Reached skill level 10 in Hexes
  8471 | D:7      | Reached XP level 9. HP: 2/39 MP: 2/23
  8796 | D:7      | Found a glowing golden altar of the Shining One.
  8857 | D:7      | Found a sacrificial altar of Ru.
  8884 | D:7      | Reached skill level 10 in Stealth
  9166 | D:7      | Reached skill level 10 in Spellcasting
  9788 | D:7      | Found a blossoming altar of Fedhas.
 10014 | D:8      | Found a hide-covered altar of Uskayaw.
 10014 | D:8      | Found a radiant altar of Vehumet.
 10014 | D:8      | Found a stormy altar of Qazlal.
 10015 | D:8      | Found an iron altar of Okawaru.
 10046 | D:8      | Found a white marble altar of Elyvilon.
 10046 | D:8      | Found a sacrificial altar of Ru.
 10196 | D:8      | Noticed Psyche
 10199 | D:8      | Killed Psyche
 10261 | D:8      | Found a staircase to the Lair.
 10295 | D:8      | Found a deep blue altar of Sif Muna.
 10323 | D:8      | Reached XP level 10. HP: 44/44 MP: 24/26
 10489 | D:8      | Found a runed door.
 10613 | D:8      | Reached skill level 11 in Stealth
 11182 | D:8      | Found a roughly hewn altar of Beogh.
 11200 | D:8      | Learned a level 3 spell: Regeneration
 11237 | D:9      | Found a shadowy altar of Dithmenos.
 11244 | D:9      | Became a worshipper of Dithmenos the Shadowed
 11326 | D:9      | Found a burning altar of Makhleb.
 11326 | D:9      | Noticed an Executioner
 11330 | D:9      | Noticed Prince Ribbit
 11509 | D:9      | Killed Prince Ribbit
 11509 | D:9      | Reached skill level 1 in Necromancy
 11534 | D:9      | Noticed a two-headed ogre
 11553 | D:9      | Killed a two-headed ogre
 11882 | D:9      | Found a shattered altar of Ashenzari.
 12111 | D:9      | Reached * piety under Dithmenos
 12577 | Lair:1   | Entered Level 1 of the Lair of Beasts
 12679 | Lair:1   | Noticed an elephant
 12680 | Lair:1   | Noticed an elephant
 12681 | Lair:1   | Noticed an elephant
 12682 | Lair:1   | Noticed an elephant
 12682 | Lair:1   | Noticed an elephant
 12883 | Lair:1   | Reached skill level 12 in Stealth
 13236 | Lair:1   | Killed an elephant
 13258 | Lair:1   | Killed an elephant
 13258 | Lair:1   | Reached XP level 11. HP: 40/47 MP: 17/28
 13605 | Lair:1   | Reached ** piety under Dithmenos
 14481 | Lair:1   | Learned a level 4 spell: Animate Dead
 14766 | Lair:2   | Found a staircase to the Shoals.
 14881 | Lair:2   | Noticed a seven-headed hydra
 15349 | Lair:2   | Reached skill level 13 in Stealth
 15982 | Lair:2   | Killed a seven-headed hydra
 15982 | Lair:2   | Reached XP level 12. HP: 22/51 MP: 1/30
 16732 | Lair:2   | Reached *** piety under Dithmenos
 16859 | Lair:2   | Reached skill level 5 in Necromancy
 17040 | Lair:2   | Noticed a five-headed hydra
 17068 | Lair:2   | Killed a five-headed hydra
 17474 | Lair:2   | Found a hole to the Spider Nest.
 17836 | Lair:2   | Reached skill level 14 in Stealth
 18075 | Lair:3   | Reached skill level 15 in Hexes
 18079 | Lair:3   | Found a labyrinth entrance.
 18089 | Lab      | Entered a labyrinth
 18384 | Lab      | Noticed a minotaur
 18653 | Lab      | Killed a minotaur
 18924 | Lair:3   | Noticed Enyss's ghost (journeyman GrEE)
 18945 | Lair:3   | Killed Enyss's ghost
 18945 | Lair:3   | Reached **** piety under Dithmenos
 19003 | Lair:3   | Noticed an eight-headed hydra
 19006 | Lair:3   | Reached skill level 15 in Spellcasting
 19041 | Lair:3   | Killed an eight-headed hydra
 20192 | Lair:4   | Reached skill level 1 in Evocations
 20211 | Lair:4   | Reached skill level 1 in Invocations
 20734 | Lair:4   | Reached XP level 13. HP: 53/55 MP: 30/33
 22082 | Lair:5   | Found a staircase to the Slime Pits.
 22082 | Lair:5   | Found a viscous altar of Jiyva.
 22083 | Lair:5   | Found a dark tunnel.
 22441 | Volcano  | Entered a volcano
 22664 | Volcano  | Found a radiant altar of Vehumet.
 22683 | Volcano  | Reached skill level 15 in Stealth
 22683 | Volcano  | Reached skill level 5 in Evocations
 23023 | Lair:5   | Reached skill level 5 in Invocations
 23466 | Lair:5   | Reached ***** piety under Dithmenos
 23744 | Lair:5   | Noticed Kirke
 23762 | Lair:5   | Killed Kirke
 24337 | Lair:1   | Learned a level 2 spell: Blink
 24436 | D:10     | Entered Level 10 of the Dungeon
 24945 | D:10     | Found a staircase to the Orcish Mines.
 24960 | D:10     | Reached skill level 1 in Fighting
 25612 | Orc:1    | Entered Level 1 of the Orcish Mines
 26637 | Orc:1    | Reached skill level 16 in Stealth
 27024 | Orc:1    | Reached skill level 5 in Dodging
 27138 | Orc:1    | Reached ****** piety under Dithmenos
 27529 | Orc:1    | Reached XP level 14. HP: 63/63 MP: 34/34
 27727 | Orc:1    | Found a roughly hewn altar of Beogh.
 28053 | Orc:2    | Entered Level 2 of the Orcish Mines
 28115 | Orc:2    | Found Jelatrofi's Food Shop.
 28259 | Orc:2    | Found Jauzazax's Weapon Boutique.
 28550 | Orc:2    | Found Kociokog's Distillery.
 28588 | Orc:2    | Found Odghux's Magic Scroll Emporium.
 28998 | Orc:2    | Found a staircase to the Elven Halls.
 29775 | Orc:2    | Reached skill level 5 in Short Blades
 30477 | Orc:2    | Found Puogguh's Assorted Antiques.
 30478 | Orc:2    | Found Loaw's Book Shop.
 30478 | Orc:2    | Found Tafeuts's Distillery.
 30479 | Orc:2    | Found Bimamug's General Store.
 30494 | Orc:2    | Bought the +1 cloak of Starlight {rElec rC+ EV+4 Stlth--} for 667 gold pieces
 30503 | Orc:2    | Bought a scroll labeled CIXERE ISUCH for 27 gold pieces
 30503 | Orc:2    | Bought a scroll of identify for 54 gold pieces
 30503 | Orc:2    | Bought a potion of flight for 81 gold pieces
 30505 | Orc:2    | Bought a potion of agility for 56 gold pieces
 30505 | Orc:2    | Bought a potion of flight for 42 gold pieces
 30506 | Orc:2    | Identified a scroll of acquirement
 30571 | Orc:2    | Bought a scroll of teleportation for 48 gold pieces
 30571 | Orc:2    | Bought a scroll of identify for 32 gold pieces
 31352 | D:11     | Reached skill level 10 in Dodging
 31461 | D:11     | Reached skill level 17 in Stealth
 31894 | D:12     | Noticed Nergalle
 31898 | D:12     | Killed Nergalle
 31954 | D:12     | Noticed Snorg
 31957 | D:12     | Killed Snorg
 32794 | D:13     | Found Puix's Magic Scroll Emporium.
 32814 | D:13     | Bought a scroll of identify for 30 gold pieces
 32814 | D:13     | Bought a scroll of blinking for 112 gold pieces
 32871 | D:13     | Found a gate to the Vaults.
 32871 | D:13     | Noticed Rupert
 32942 | D:13     | Reached XP level 15. HP: 51/66 MP: 10/35
 33183 | D:13     | Killed Rupert
 33867 | D:13     | Found a portal to a secret trove of treasure.
 35033 | D:15     | Entered Level 15 of the Dungeon
 35074 | D:15     | Reached skill level 10 in Short Blades
 35192 | D:15     | Reached skill level 18 in Stealth
 35271 | D:15     | Noticed Nessos
 35976 | Lair:5   | Learned a level 5 spell: Metabolic Englaciation
 36074 | Lair:6   | Entered Level 6 of the Lair of Beasts
 36197 | Lair:6   | Reached skill level 1 in Ice Magic
 36572 | Lair:5   | HP: 3/66 [poisoned by a spiny frog]
 36578 | Lair:5   | HP: 3/66 [poisoned by a spiny frog]
 37235 | Lair:6   | Found a large runed door.
 37236 | Lair:6   | Found a large runed door.
 38019 | Spider:1 | Entered Level 1 of the Spider Nest
 38088 | Spider:1 | Noticed Asterion
 38209 | Spider:1 | Reached XP level 16. HP: 70/70 MP: 32/36
 38427 | Spider:1 | Noticed Aizul
 38430 | Spider:1 | Killed Aizul
 38638 | Spider:1 | Noticed an Executioner
 38639 | Spider:1 | Killed Asterion
 39737 | Spider:2 | Reached skill level 5 in Ice Magic
 40001 | Spider:2 | Learned a level 5 spell: Yara's Violent Unravelling
 40166 | Spider:2 | Reached skill level 19 in Stealth
 40388 | Spider:2 | Reached skill level 15 in Dodging
 41013 | D:15     | Found a staircase to the Depths.
 41642 | D:15     | Killed Nessos
 42188 | Elf:1    | Entered Level 1 of the Elven Halls
 42196 | Elf:1    | Reached skill level 1 in Transmutations
 43147 | Elf:2    | Found Xiwi's Weapon Emporium.
 43229 | Elf:2    | Got a slimy robe
 43230 | Elf:2    | Identified the +1 robe of the Moon Troll {rElec rPois Int-3} (You found it on level 2 of the Elven Halls)
 43651 | Spider:3 | Learned a level 4 spell: Cause Fear
 43668 | Spider:3 | Reached skill level 5 in Transmutations
 44149 | Spider:3 | Reached XP level 17. HP: 74/74 MP: 37/37
 45356 | Spider:4 | Entered Level 4 of the Spider Nest
 45630 | Spider:4 | Reached skill level 20 in Stealth
 46138 | Spider:4 | Noticed Arachne
 46138 | Spider:4 | Noticed Donald
 46725 | Spider:4 | Noticed Nikola
 46904 | Spider:4 | Reached skill level 10 in Transmutations
 48941 | Spider:4 | Killed Donald
 49131 | Spider:4 | Killed Nikola
 49219 | Spider:4 | Killed Arachne
 49283 | Spider:4 | Reached XP level 18. HP: 70/78 MP: 31/38
 49413 | Spider:4 | Got a gossamer rune of Zot
 49971 | Orc:2    | Bought a potion of magic for 120 gold pieces
 49971 | Orc:2    | Bought 2 potions of berserk rage for 150 gold pieces
 49971 | Orc:2    | Bought a potion of heal wounds for 75 gold pieces
 49971 | Orc:2    | Bought a potion of ambrosia for 120 gold pieces
 50134 | D:13     | Bought a scroll of teleportation for 45 gold pieces
 50185 | Vaults:1 | Entered Level 1 of the Vaults
 50241 | Vaults:1 | Reached skill level 21 in Stealth
 51906 | Shoals:1 | Entered Level 1 of the Shoals
 53522 | Shoals:2 | Found Lemeuth's Assorted Antiques.
 54517 | Shoals:3 | Reached skill level 22 in Stealth
 54618 | Shoals:3 | Noticed Jorgrun
 54745 | Shoals:2 | Killed Jorgrun
 55206 | Shoals:3 | Noticed Mara
 55565 | Shoals:4 | Entered Level 4 of the Shoals
 55565 | Shoals:4 | Noticed Ilsuiw
 56589 | Depths:1 | Entered Level 1 of the Depths
 56642 | Depths:1 | Found Asinn's Antique Weapon Emporium.
 56645 | Depths:1 | Found Fimeutuwn's Book Shoppe.
 56645 | Depths:1 | Found Voji's Weapon Emporium.
 56651 | Depths:1 | Found Ygos's Weapon Shoppe.
 57332 | Depths:1 | Found a gateway to Hell.
 57821 | Depths:1 | Reached XP level 19. HP: 72/81 MP: 15/39
 58054 | Depths:1 | Reached skill level 15 in Short Blades
 58242 | Depths:2 | Noticed Sojobo
 58489 | Depths:2 | Found a magical portal.
 58497 | WizLab   | Entered The Hall of the Hellbinder
 59659 | WizLab   | Reached skill level 23 in Stealth
 59879 | WizLab   | Noticed Coqu
 59881 | WizLab   | Found a burning altar of Makhleb.
 59882 | WizLab   | Killed Coqu the Hellbinder
 59896 | WizLab   | Identified the Volume of Companions
 59898 | WizLab   | Identified the Almanac of Summoning
 62822 | Depths:2 | Killed from afar by a hell knight

Skill      XL: |  1  2  3  4  5  6  7  8  9 10 11 12 13 14 15 16 17 18 19 |
---------------+----------------------------------------------------------+-----
Hexes          | 4 5 7 8 10 11 12 14 15 | 15.4
Spellcasting   | 3 4 5 6 7 9 11 12 13 15 | 15.1
Stealth        | 5 6 7 9 10 12 13 14 16 17 18 19 20 22 23 | 23.4
Necromancy     | 2 4 5 |  5.9
Evocations     | 2 8 |  8.4
Invocations    | 2 6 |  6.4
Fighting       | 2 |  2.3
Dodging        | 5 11 14 16 17 19 20 | 20.2
Short Blades   | 8 11 12 13 14 15 | 15.7
Ice Magic      | 3 6 |  6.3
Transmutations | 6 11 12 | 12.2

Action                   |  1- 3 |  4- 6 |  7- 9 | 10-12 | 13-15 | 16-18 | 19-21 || total
-------------------------+-------+-------+-------+-------+-------+-------+-------++-------
Melee: Dagger            |   164 |   203 |   274 |   604 |   893 |       |       ||  2138
       Quick blade       |       |       |       |       |   879 |  2124 |   435 ||  3438
 Cast: Ensorcelled Hiber |     8 |    32 |    62 |   119 |   201 |   172 |     9 ||   603
       Confuse           |       |    28 |    58 |   119 |   203 |   239 |    97 ||   744
       Animate Dead      |       |       |       |    10 |    37 |   143 |    17 ||   207
       Metabolic Englaci |       |       |       |       |     8 |    16 |     1 ||    25
       Yara's Violent Un |       |       |       |       |       |     6 |     3 ||     9
       Cause Fear        |       |       |       |       |       |     2 |       ||     2
Invok: Shadow Step       |       |       |       |       |     1 |     3 |     5 ||     9
Evoke: Wand              |       |       |       |     1 |       |       |     4 ||     5
  Use: Scroll            |       |       |     7 |    17 |    10 |     8 |     6 ||    48
       Potion            |       |       |       |     2 |     1 |     4 |     1 ||     8
 Stab: Sleeping          |    23 |    19 |    49 |   101 |   233 |   169 |    13 ||   607
       Distracted        |     1 |       |     1 |     2 |    11 |    40 |     8 ||    63
       Confused          |       |    12 |    34 |    71 |   121 |   130 |    40 ||   408
       Held in net/web   |       |       |       |       |       |     2 |       ||     2
  Eat: Bread ration      |       |     1 |     1 |       |     2 |     3 |     1 ||     8
       Royal jelly       |       |       |     1 |       |     4 |     6 |       ||    11
       Fruit             |       |       |       |     7 |     3 |       |       ||    10
Armor: Robe              |    14 |    22 |    11 |    14 |    48 |    43 |     6 ||   158
       Troll leather arm |       |       |       |       |    33 |     2 |       ||    35
Dodge: Dodged            |   109 |   156 |   167 |   344 |  1231 |  1691 |   382 ||  4080
